 Dungeon Crawl Stone Soup version 0.31.0-2-g5a2aebc5c2 (webtiles) character file.

Game seed: 7243118622476931442

643 ssalbiz the Cleaver (level 7, 0/57 HPs)
             Began as a Minotaur Berserker on Jan 20, 2024.
             Was a Priest of Trog.
             Slain by an ogre
             ... wielding a +0 giant spiked club
              (33 damage)
             ... on level 5 of the Dungeon.
             The game lasted 00:03:19 (3353 turns).

ssalbiz the Cleaver (Minotaur Berserker)            Turns: 3353, Time: 00:03:20

Health: 0/57       AC:  5    Str: 24    XL:     7   Next: 26%
Magic:  6/6        EV: 12    Int:  7    God:    Trog [***...]
Gold:   146        SH:  5    Dex: 15    Spells: 6/6 levels left

rFire   . . .        o - +7 hammer of Internal Strife {flame, Int+3 Dex+6}
rCold   . . .        (no shield)
rNeg    . . .        b - +0 animal skin
rPois   .            e - +2 hat
rElec   .            d - +0 cloak
rCorr   .            (no gloves)
SInv    .            (no boots)
Will    .....        f - amulet of reflection
Stlth   +            (no ring)
HPRegen 0.29/turn    (no ring)
MPRegen 0.10/turn

%: reflection
@: no status effects
A: horns 2, retaliatory headbutt
a: Renounce Religion, Berserk, Trog's Hand


You were on level 5 of the Dungeon.
You worshipped Trog.
Trog was most pleased with you.
You visited 1 branch of the dungeon, and saw 5 of its levels.

You collected 146 gold pieces.

Inventory:

Hand Weapons
 a - a +0 hand axe
 o - the +7 hammer of Internal Strife (weapon) {flame, Int+3 Dex+6}
   (You found it on level 3 of the Dungeon)

   Int+3:     It affects your intelligence (+3).
   Dex+6:     It affects your dexterity (+6).
Armour
 b - a +0 animal skin (worn)
 d - a +0 cloak (worn)
 e - a +2 hat (worn)
Jewellery
 f - an amulet of reflection (around neck)
 p - a ring of flight
 q - an amulet of the acrobat
Wands
 m - a wand of light (1)
Scrolls
 c - 2 scrolls of poison {unknown}
 g - 2 scrolls of noise {unknown}
 i - a scroll of teleportation {unknown}
 j - 3 scrolls of identify {unknown}
 r - a scroll of brand weapon {unknown}
 s - a scroll of amnesia {unknown}
Potions
 h - a potion of heal wounds {unknown}
 k - a potion of curing {unknown}
 l - a potion of invisibility {unknown}
 n - a potion of enlightenment {unknown}


   Skills:
 - Level 3.6 Fighting
 + Level 10.2 Axes
 - Level 2.4 Armour
 - Level 2.1 Dodging


You had 6 spell levels left.
You didn't know any spells.
Your spell library was empty.

Dungeon Overview and Level Annotations

Branches:
Dungeon (5/15)
 Temple: D:4-7

Altars:
Yredelemnul

Annotations:
D:3 1 runed translucent door, Crazy Yiuf


Innate Abilities, Weirdness & Mutations

You have a pair of horns on your head.
You reflexively headbutt those who attack you in melee.


Message History

The bombardier beetle sprays incendiary fluid at you.
You block the burning spray... and reflect it back!
The burning spray hits the bombardier beetle.
You sock the bombardier beetle! You burn the bombardier beetle.
You kill the bombardier beetle!
Trog accepts your kill.
No target in view!
No target in view!
You see here a bombardier beetle corpse.
Found a robe.
Done exploring.
Done exploring.
Done exploring.
You see here a +0 robe.
There is an escape hatch in the floor here.
Done exploring.
Done exploring.
There is a stone staircase leading down here.
You climb downwards.
There is a stone staircase leading up here.
Unknown command.
Found a dagger.
A centaur and an ogre come into view.
The centaur wields a +0 orcbow.
The centaur shoots an arrow.
The arrow hits you.
There are monsters nearby!
The ogre shouts!
The centaur shoots an arrow.
The arrow hits you.
You thump the ogre! You burn the ogre. Your headbutt misses the ogre.
The ogre is heavily wounded.
The centaur shoots an arrow.
The arrow hits you! The ogre barely misses you.
You hit the ogre. You burn the ogre. Your headbutt misses the ogre.
The ogre is severely wounded.
The centaur shoots an arrow.
The arrow closely misses you.
You hit the ogre. You burn the ogre.
The ogre is severely wounded.
The centaur shoots an arrow.
The arrow closely misses you.
The ogre hits you with a +0 giant spiked club!!
Ouch! That really hurt!
You die...

##############
..#.........#
#.#.#<###.#.# ###
####.#.#.##... .#..#
#..).........#
cā‰ˆ....#.##.#.#.###.#
ā‰ˆā‰ˆ....#.##.#.....
...........###.....
.....##@#### #######
... #O# . #.. ....
..... ....... ........
......#..#


You could see an ogre and a centaur.

Vanquished Creatures
  Sigmund (D:3)
  A phantom (D:4)
  2 scorpions (D:4)
  A bombardier beetle (D:4)
  An orc priest (D:4)
  A sleepcap (D:4)
  2 orc wizards
  4 gnolls (D:4)
  2 adders (D:2)
  3 ribbon worms
  3 dart slugs
  6 orcs
  9 ball pythons
  3 bats
  6 endoplasms
  4 giant cockroaches (D:1)
  6 hobgoblins
  4 jackals (D:1)
  5 quokkas
  3 frilled lizards
  11 goblins
  8 kobolds
  3 rats
89 creatures vanquished.

Notes
Turn   | Place    | Note
-------+----------+-------------------------------------------
     0 | D:1      | ssalbiz the Minotaur Berserker began the quest for the Orb.
     0 | D:1      | Reached XP level 1. HP: 19/19 MP: 0/0
    23 | D:1      | Reached skill level 4 in Axes
   122 | D:1      | Reached XP level 2. HP: 26/26 MP: 1/1
   432 | D:1      | Reached ** piety under Trog
   433 | D:1      | Reached skill level 5 in Axes
   572 | D:1      | Reached XP level 3. HP: 31/31 MP: 2/2
   806 | D:2      | Found a basalt altar of Yredelemnul.
  1370 | D:2      | Reached XP level 4. HP: 38/39 MP: 3/3
  1469 | D:2      | Reached skill level 6 in Axes
  1729 | D:3      | Noticed Sigmund
  1738 | D:3      | Killed Sigmund
  1739 | D:3      | Reached skill level 8 in Axes
  1739 | D:3      | Reached XP level 5. HP: 45/45 MP: 4/4
  1811 | D:3      | Reached XP level 6. HP: 35/51 MP: 5/5
  2414 | D:3      | Found a runed translucent door.
  2415 | D:3      | Noticed Crazy Yiuf
  2416 | D:3      | Identified the +7 hammer of Internal Strife {flame, Int+3
                  | Dex+6}
  2657 | D:4      | Reached skill level 9 in Axes
  2759 | D:4      | Reached *** piety under Trog
  2760 | D:4      | Reached XP level 7. HP: 57/57 MP: 6/6
  3137 | D:4      | Reached skill level 10 in Axes
  3337 | D:5      | Entered Level 5 of the Dungeon
  3353 | D:5      | Slain by an ogre

Illustrated notes

Levels and vault maps discovered:
D:1:      mushboom_english_gardens, layout_loops_ring,
          chequers_serial_rivers_small_b
D:2:      layout_basic, basic_altar
D:3:      layout_loops_ring, uniq_sigmund, uniq_crazy_yiuf_cottage
D:4:      layout_basic, nicolae_elevator_lobby_asterisk
D:5:      layout_loops_cross, minmay_temple_entry_stoned_glass,
          kb_lookout_dungeons_type, hangedman_decor_diamond_cutter,
          grunt_ministairs_15

Skill      XL: |  1  2  3  4  5  6  7 |
---------------+----------------------+-----
Axes           | 4 5 8 9 10 | 10.2
Fighting       | |  3.6
Armour         | |  2.4
Dodging        | |  2.1

Action                     |  1- 3 |  4- 6 |  7- 9 || total
---------------------------+-------+-------+-------++-------
  Melee: Hand axe          |    94 |    64 |       ||   158
         Headbutt          |    14 |    11 |     6 ||    31
         Punch             |     1 |       |       ||     1
         Mace              |       |    13 |    23 ||    36
   Stab: Sleeping          |     2 |       |       ||     2
 Armour: Animal skin       |    40 |    19 |    13 ||    72
  Dodge: Dodged            |    47 |    31 |    11 ||    89
  Block: Other             |    13 |    10 |     6 ||    29
         Reflection        |     1 |       |     1 ||     2
